 Dungeon Crawl Stone Soup version 0.28.0-49-g6dfe1f597d (webtiles) character file.

Game seed: 16826912159217370863

23076 firemarshallily the Tainter (level 12, -8/85 HPs)
             Began as a Demonspawn Venom Mage on May 17, 2022.
             Was a High Priest of Dithmenos.
             Succumbed to a redback's poison
             ... on level 4 of the Lair of Beasts.
             The game lasted 01:38:57 (18672 turns).

firemarshallily the Tainter (DsVM)                 Turns: 18672, Time: 01:38:58

Health: -8/85      AC: 15    Str: 16    XL:     12   Next: 68%
Magic:  28/28      EV: 12    Int: 20    God:    Dithmenos [*****.]
Gold:   799        SH:  0    Dex: 13    Spells: 12/36 levels left

rFire   . . .      SeeInvis +   E - +3 short sword (protect)
rCold   + . .      Faith    .   (no shield)
rNeg    + + .      Spirit   .   i - +4 ring mail "Inasal" {+Inv rC+ Str+3}
rPois   .          Reflect  .   (helmet restricted)
rElec   .          Harm     .   d - +1 cloak
rCorr   .          Rampage  .   t - +0 pair of gloves
Will    .....                   U - +1 pair of boots
Stlth   ++++++....              D - amulet "Dellec" {Drain rN++ Regen+ SInv Stlth+}
HPRegen 1.04/turn               b - ring of flight
MPRegen 0.21/turn               f - ring of wizardry

@: lethally poisoned (-8 -> -118), about to teleport, flying, hasted, wreathed
by umbra, very quick
A: horns 2, demonic guardian 2, sturdy frame 2, claws 1, strong 1
a: Renounce Religion, Evoke Invisibility, Shadow Step, Shadow Form


You were on level 4 of the Lair of Beasts.
You worshipped Dithmenos.
Dithmenos was extremely pleased with you.
You visited 2 branches of the dungeon, and saw 16 of its levels.
You also visited: Sewer and Gauntlet.

You collected 1875 gold pieces.
You spent 1076 gold pieces at shops.

Inventory:

Hand Weapons
 q - the +10 flail "Bumi" {flame, rC- Str+3 SInv}
   (You found it in a sewer)

   It burns those it strikes, dealing additional fire damage.
   Str:       It affects your strength (+3).
   rC:        It makes you vulnerable to cold.
   SInv:      It lets you see invisible.
 E - a +3 short sword of protection (weapon)
 L - a +1 short sword of protection
Missiles
 c - 472 stones
 g - 65 sling bullets
 r - 65 poisoned darts
 y - 14 boomerangs (quivered)
 z - 4 throwing nets
 F - 3 curare-tipped darts
Armour
 d - a +1 cloak (worn)
 h - a +0 kite shield
 i - the +4 ring mail "Inasal" (worn) {+Inv rC+ Str+3}
   (You found it on level 7 of the Dungeon)

   Str:       It affects your strength (+3).
   rC:        It protects you from cold.
   +Inv:      It lets you turn invisible.
 o - a +0 scale mail of willpower
 t - a +0 pair of gloves (worn)
 w - a +0 ring mail of fire resistance
 A - a +2 robe of willpower
 J - a +2 leather armour of poison resistance
 K - +0 acid dragon scales
 N - the +8 chain mail of Objectivity {*Slow +Blink Dex+7}
   (You found it on level 10 of the Dungeon)

   Dex:       It affects your dexterity (+7).
   +Blink:    It lets you blink.
   *Slow:     It may slow you when you take damage.
 Q - +0 steam dragon scales
 U - a +1 pair of boots (worn)
Jewellery
 b - a ring of flight (left hand)
 f - a ring of wizardry (right hand)
 k - a ring of ice
 D - the amulet "Dellec" (around neck) {Drain rN++ Regen+ SInv Stlth+}
   (You bought it in a shop on level 5 of the Dungeon)

   [amulet of regeneration]

   rN:        It greatly protects you from negative energy.
   SInv:      It lets you see invisible.
   Regen:     It increases your rate of health regeneration.
   Drain:     It drains your maximum health when unequipped.
   Stlth:     It makes you more stealthy.
Wands
 n - a wand of mindburst (7)
 B - a wand of iceblast (11)
 I - a wand of flame (3)
 M - a wand of polymorph (15)
 O - a wand of charming (11)
Scrolls
 a - a scroll of silence
 e - 2 scrolls of fear
 l - 3 scrolls of teleportation
 C - 2 scrolls of blinking
 P - a scroll of fog
 R - a scroll of identify
 T - 3 scrolls of summoning {unknown}
 W - a scroll of magic mapping
Potions
 j - 2 potions of mutation
 m - 2 potions of berserk rage
 s - 2 potions of brilliance
 u - 3 potions of might
 v - a potion of flight
 G - 2 potions of ambrosia {unknown}
 H - a potion of magic {unknown}
 V - 3 potions of invisibility {unknown}
 X - a potion of lignification


   Skills:
 + Level 4.8 Fighting
 - Level 1.5 Short Blades
 - Level 3.0 Armour
 - Level 2.0 Dodging
 - Level 5.0 Stealth
 * Level 12.6 Spellcasting
 - Level 2.0 Translocations
 - Level 2.2 Transmutations
 - Level 4.0 Air Magic
 * Level 13.8 Poison Magic
 - Level 2.0 Invocations


You had 12 spell levels left.
You knew the following spells:

 Your Spells              Type           Power      Damage    Failure   Level
a - Sting                 Tmut/Pois      100%       1d8       1%          1
b - Poisonous Vapours     Pois/Air       96%        N/A       1%          2
c - Mephitic Cloud        Conj/Pois/Air  36%        N/A       1%          3
d - Olgreb's Toxic Radia  Pois           61%        N/A       1%          4
e - Summon Small Mammal   Summ           48%        N/A       2%          1
f - Animate Skeleton      Necr           24%        N/A       2%          1
g - Apportation           Tloc           40%        N/A       1%          1
h - Teleport Other        Tloc           20%        N/A       3%          3
i - Gell's Gravitas       Tloc           20%        N/A       3%          3
j - Freezing Cloud        Conj/Ice/Air   8%         6-21      34%         5

Your spell library contained the following spells:

 Spells                   Type           Power      Damage    Failure   Level
 Iskenderun's Battlesphe  Conj           12%        2d7       52%         5
 Dispersal                Tloc           10%        N/A       82%         6
 Iron Shot                Conj/Erth      6%         9d2       97%         6
 Simulacrum               Ice/Necr       6%         N/A       97%         6
 Spellforged Servitor     Conj/Summ      6%         N/A       100%        7
 Polar Vortex             Ice            6%         N/A       100%        9


Dungeon Overview and Level Annotations

Branches:
Dungeon (13/15)            Temple (0/1) D:5            Lair (2/6) D:11
    Orc (0/2) D:10          Sewer (visited)         Gauntlet (visited)
  Swamp: Lair:2-4    Shoals: Lair:2-4     Snake: Lair:2-4    Spider: Lair:2-4
 Vaults: D:13-14

Altars:
Cheibriados
Dithmenos
Hepliaklqana
Trog
Vehumet

Shops:
D:5 =   D:6 =   D:7 [*?   D:10 (   D:11 (

Annotations:
D:13 Jorgrun, Rupert
Lair:1 3 runed translucent doors, exclusions: hydra and 5 more exclusions, Xolotl's ghost, journeyman DsTm


Innate Abilities, Weirdness & Mutations

You have a pair of horns on your head.
A demonic guardian rushes to your aid.
Your movements are less encumbered by armour. (ER -4)
You have sharp fingernails.
Your muscles are strong. (Str +2)


Message History

You feel extremely sick. The redback closely misses you. The redback bites you.
You are lethally poisoned!
The redback poisons you!
Your bat barely misses the redback.
The redback barely misses you. The redback misses you.
You feel better.
Your bat barely misses the redback.
The redback closely misses you. The redback bites you.
Your bat barely misses the redback.
The redback bites your bat!
Your bat dies!
Your bat's corpse disappears in a puff of smoke!
The redback bites you but does no damage.
The redback bites you!
You are poisoned.
The redback poisons you!
You feel extremely sick. 2 wolves come into view.
You feel very sick. The redback closely misses you. The redback bites you.
You are lethally poisoned!
The redback poisons you!
As you read the scroll of teleportation, it crumbles to dust.
You feel strangely unstable.
You feel extremely sick. The redback closely misses you. The redback bites you.
* * * LOW HITPOINT WARNING * * *
You are more poisoned.
The redback poisons you!
You feel much better.
* * * LOW HITPOINT WARNING * * *
You feel extremely sick. The redback closely misses you.
The redback bites you but does no damage.
The redback bites you.
* * * LOW HITPOINT WARNING * * *
The redback bites you.
* * * LOW HITPOINT WARNING * * *
You are more poisoned.
The redback poisons you!
You feel yourself speed up.
You die...

## ^ #(###
^#. #..^##
^^..
#...^##...^
#.........^
#.^....^.^^
#...^...##^
#..ss....#
#..@###..#
#....# ##
#P....
##P....
.......
##.......
.........
##...h....h


You could see 2 redbacks and 2 wolves.

Vanquished Creatures
  A boulder beetle (D:12)
  A centaur warrior (D:13)
  6 two-headed ogres
  Nergalle (D:12)
  Pikel (D:7)
  A deep elf pyromancer (D:12)
  Maurice (D:11)
  4 komodo dragons
  3 unseen horrors
  4 trolls
  2 wraiths
  A shadow (D:11)
  A wyvern (D:10)
  20 yaks
  A basilisk (D:11)
  A steam dragon (D:11)
  2 vampire mosquitoes (D:11)
  Menkaure (D:7)
  An acid dragon (D:12)
  3 water moccasins (Lair:1)
  2 orc warriors
  Pargi (Sewer)
  2 black bears
  An ice beast (D:5)
  3 necrophages
  9 wolves (Lair:1)
  An ogre (D:6)
  10 centaurs
  6 kobold brigands
  6 bullfrogs
  A gnoll sergeant (D:5)
  5 scorpions
  A wyvern skeleton (D:6)
  4 killer bees (D:10)
  An electric eel (D:10)
  6 howler monkeys
  A centaur zombie (D:8)
  4 hounds
  A jelly (D:7)
  Crazy Yiuf (D:6)
  A bullfrog skeleton (D:6)
  A centaur skeleton (D:7)
  3 orc wizards
  A killer bee zombie (D:6)
  A hound skeleton (D:5)
  3 howler monkey zombies
  4 gnolls (D:5)
  A river rat (D:6)
  5 adders
  An adder skeleton (D:4)
  A worm (D:3)
  2 dart slugs
  30 orcs
  4 endoplasms
  5 giant cockroaches
  8 goblins
  6 hobgoblins
  2 jackals (D:3)
  36 kobolds
  A quokka (D:2)
  5 ball pythons
  10 bats
  8 frilled lizards
  9 rats
270 creatures vanquished.

Vanquished Creatures (collateral kills)
  Harold (D:7)
  2 hydras
  Joseph (D:8)
  A cane toad (Lair:1)
  A troll (D:12)
  3 slime creatures (D:12)
  A vampire (D:12)
  A wraith (D:6)
  A basilisk (D:11)
  2 acid dragons
  2 water moccasins
  An orc warrior (D:10)
  A wolf (Lair:1)
  A necrophage (D:4)
  A black bear (D:6)
  A centaur (D:12)
  2 bullfrogs (D:8)
  A water moccasin skeleton (D:6)
  A howler monkey zombie (D:9)
  2 kobolds (D:8)
27 creatures vanquished.

Vanquished Creatures (others)
  7 fungi
  18 plants
25 creatures vanquished.

Grand Total: 322 creatures vanquished

Notes
Turn   | Place    | Note
-------+----------+-------------------------------------------
     0 | D:1      | firemarshallily the Demonspawn Venom Mage began the quest
                  | for the Orb.
     0 | D:1      | Reached XP level 1. HP: 13/13 MP: 3/3
    84 | D:1      | Reached skill level 1 in Transmutations
   109 | D:1      | Gained mutation: You have a pair of small horns on your
                  | head. [demonic ancestry]
   109 | D:1      | Reached XP level 2. HP: 15/19 MP: 1/5
   113 | D:1      | Learned a level 2 spell: Poisonous Vapours
   876 | D:2      | Gained mutation: A weak demonic guardian rushes to your
                  | aid. [demonic ancestry]
   876 | D:2      | Reached XP level 3. HP: 24/24 MP: 4/6
   880 | D:2      | Learned a level 3 spell: Mephitic Cloud
  1921 | D:3      | Found a faded altar of an unknown god.
  1932 | D:3      | Found a bloodstained altar of Trog.
  1937 | D:3      | Prayed at the altar of an unknown god.
  1937 | D:3      | Became a worshipper of Dithmenos the Shadowed
  1937 | D:3      | Reached * piety under Dithmenos
  2520 | D:3      | Reached XP level 4. HP: 30/30 MP: 5/8
  3255 | D:4      | Noticed a black bear
  3858 | D:4      | Killed a black bear
  3859 | D:4      | Reached skill level 4 in Poison Magic
  3859 | D:4      | Reached XP level 5. HP: 18/35 MP: 4/10
  3864 | D:4      | Learned a level 4 spell: Olgreb's Toxic Radiance
  4344 | D:5      | Entered Level 5 of the Dungeon
  4351 | D:5      | Noticed a necrophage
  4398 | D:5      | Noticed an ice beast
  4429 | D:5      | Killed an ice beast
  4430 | D:5      | Reached XP level 6. HP: 17/41 MP: 6/12
  4788 | D:5      | Reached skill level 1 in Air Magic
  4788 | D:5      | Reached skill level 5 in Poison Magic
  5246 | D:5      | Reached XP level 7. HP: 46/46 MP: 6/14
  5330 | D:5      | Found Mecrucli's Jewellery Shop.
  5412 | D:5      | Found a staircase to the Ecumenical Temple.
  5743 | D:5      | Reached skill level 5 in Spellcasting
  6398 | D:6      | Reached skill level 6 in Poison Magic
  6494 | D:6      | Identified a scroll of acquirement
  6494 | D:6      | Acquired 978 gold pieces
  6522 | D:6      | Found a snail-covered altar of Cheibriados.
  6639 | D:6      | Found Kyll's Jewellery Shoppe.
  6649 | D:6      | Bought a ring of wizardry for 360 gold pieces
  6681 | D:6      | Noticed a yak
  6682 | D:6      | Noticed a yak
  6684 | D:6      | Noticed a yak
  6717 | D:6      | Noticed a troll
  6765 | D:6      | Killed a troll
  6766 | D:6      | Gained mutation: Your movements are slightly less
                  | encumbered by armour. (ER -2) [demonic ancestry]
  6766 | D:6      | Reached XP level 8. HP: 18/52 MP: 9/16
  7061 | D:6      | Reached skill level 7 in Poison Magic
  7061 | D:6      | Reached ** piety under Dithmenos
  7120 | D:6      | Found a glowing drain.
  7139 | Sewer    | Entered a sewer
  7347 | Sewer    | Noticed Pargi
  7367 | Sewer    | Killed Pargi
  7378 | Sewer    | Identified the +10 flail "Bumi" {flame, rC- Str+3 SInv}
  7560 | D:6      | Learned a level 1 spell: Summon Small Mammal
  7562 | D:6      | Learned a level 1 spell: Animate Skeleton
  7564 | D:6      | Learned a level 1 spell: Apportation
  7608 | D:6      | Gained mutation: A demonic guardian rushes to your aid.
                  | [demonic ancestry]
  7608 | D:6      | Reached XP level 9. HP: 5/57 MP: 16/19
  7950 | D:5      | Bought the amulet "Dellec" {Drain rN++ Regen+ SInv Stlth+}
                  | for 635 gold pieces
  8000 | D:6      | Found a radiant altar of Vehumet.
  8178 | D:6      | Reached skill level 1 in Short Blades
  8178 | D:6      | Reached skill level 8 in Poison Magic
  8474 | D:6      | Found a runed translucent door.
  8475 | D:6      | Noticed Crazy Yiuf
  8483 | D:6      | Killed Crazy Yiuf
  8924 | D:7      | Found Gaupa's Antique Armour Shoppe.
  8953 | D:7      | Bought a runed robe for 81 gold pieces
  9134 | D:7      | Noticed Pikel
  9148 | D:7      | Killed Pikel
  9149 | D:7      | Reached skill level 9 in Poison Magic
  9332 | D:7      | Found Kacwaopt's Magic Scroll Emporium.
  9335 | D:7      | Identified the +4 ring mail "Inasal" {+Inv rC+ Str+3}
  9349 | D:7      | Found Cyofy's Assorted Antiques.
  9562 | D:7      | Reached *** piety under Dithmenos
  9591 | D:7      | Found a hazy altar of Hepliaklqana.
  9591 | D:7      | Noticed Menkaure
  9604 | D:7      | Killed Menkaure
  9786 | D:7      | Noticed Harold
  9802 | D:7      | Killed Harold
  9803 | D:7      | Gained mutation: You have a pair of horns on your head.
                  | [demonic ancestry]
  9803 | D:7      | Reached XP level 10. HP: 26/63 MP: 6/22
 10238 | D:8      | Noticed Joseph
 10252 | D:8      | Killed Joseph
 10422 | D:8      | Reached skill level 10 in Poison Magic
 10453 | D:8      | Noticed a two-headed ogre
 10469 | D:8      | Killed a two-headed ogre
 10470 | D:8      | Reached skill level 5 in Stealth
 11097 | D:9      | Reached skill level 1 in Fighting
 11386 | D:9      | Noticed a two-headed ogre
 11454 | D:9      | Killed a two-headed ogre
 11551 | D:9      | Learned a level 3 spell: Teleport Other
 11828 | D:9      | Reached **** piety under Dithmenos
 12062 | D:10     | Entered Level 10 of the Dungeon
 12249 | D:10     | Identified the +8 chain mail of Objectivity {*Slow +Blink
                  | Dex+7}
 12457 | D:10     | Reached skill level 11 in Poison Magic
 12495 | D:10     | Reached skill level 10 in Spellcasting
 12498 | D:10     | Noticed a two-headed ogre
 12529 | D:10     | Killed a two-headed ogre
 12530 | D:10     | Reached XP level 11. HP: 74/74 MP: 10/25
 12989 | D:10     | Found a staircase to the Orcish Mines.
 12992 | D:10     | Found Plog's Weapon Shoppe.
 13438 | D:11     | Noticed a two-headed ogre
 13462 | D:11     | Noticed Maurice
 13478 | D:11     | Killed Maurice
 13603 | D:11     | Noticed a two-headed ogre
 13638 | D:11     | Killed a two-headed ogre
 13639 | D:11     | Reached skill level 1 in Armour
 13699 | D:11     | Found a gate leading to a gauntlet.
 13707 | D:11     | Killed a two-headed ogre
 13759 | Gauntlet | Entered a Gauntlet
 13759 | Gauntlet | Found a transporter.
 13769 | Gauntlet | Found a transporter.
 13771 | Gauntlet | Found a transporter.
 13772 | Gauntlet | Found a transporter.
 13780 | Gauntlet | Noticed a tengu warrior
 13783 | Gauntlet | Found a transporter.
 13784 | Gauntlet | Found a transporter.
 13788 | Gauntlet | Found a transporter.
 13792 | Gauntlet | Found a transporter.
 13795 | Gauntlet | Found a transporter.
 13796 | Gauntlet | Found a transporter.
 13805 | Gauntlet | Found a transporter.
 13807 | Gauntlet | Found a transporter.
 13808 | Gauntlet | Found a transporter.
 13816 | Gauntlet | Found a transporter.
 13929 | D:11     | Learned a level 3 spell: Gell's Gravitas
 14177 | D:11     | Learned a level 5 spell: Freezing Cloud
 14636 | D:11     | Found Jyov's Weapon Shoppe.
 14758 | D:11     | Found a staircase to the Lair.
 14779 | D:11     | Reached skill level 12 in Poison Magic
 15193 | D:12     | Noticed a boulder beetle
 15206 | D:12     | Killed a boulder beetle
 15263 | D:12     | Noticed a two-headed ogre
 15400 | D:12     | Killed a two-headed ogre
 15472 | D:12     | Reached skill level 1 in Translocations
 15486 | D:12     | Gained mutation: Your muscles are strong. (Str +2) [potion
                  | of mutation]
 15486 | D:12     | Gained mutation: You have sharp fingernails. [potion of
                  | mutation]
 15616 | D:12     | Noticed a deep elf pyromancer
 15639 | D:12     | Killed a deep elf pyromancer
 15760 | D:12     | Gained mutation: Your movements are less encumbered by
                  | armour. (ER -4) [demonic ancestry]
 15760 | D:12     | Reached XP level 12. HP: 33/81 MP: 22/27
 16139 | D:12     | Noticed Nergalle
 16174 | D:12     | Killed Nergalle
 16175 | D:12     | Reached skill level 1 in Invocations
 16655 | D:13     | Noticed a centaur warrior
 16664 | D:13     | Reached skill level 13 in Poison Magic
 16685 | D:13     | Killed a centaur warrior
 16716 | D:13     | Reached ***** piety under Dithmenos
 16741 | D:13     | Noticed Jorgrun
 16745 | D:13     | Noticed Rupert
 16910 | Lair:1   | Entered Level 1 of the Lair of Beasts
 17479 | Lair:1   | Noticed an eight-headed hydra
 17730 | Lair:1   | Found a runed translucent gate.
 17730 | Lair:1   | Found a runed translucent gate.
 17730 | Lair:1   | Found a runed translucent gate.
 17754 | Lair:1   | Noticed a minotaur
 17816 | Lair:1   | Noticed Xolotl's ghost (journeyman DsTm)
 17858 | Lair:1   | Noticed a four-headed hydra
 18063 | Lair:1   | Killed a four-headed hydra
 18618 | Lair:2   | Noticed a four-headed hydra
 18634 | Lair:2   | Killed a four-headed hydra
 18659 | Lair:2   | You are sucked into a shaft and drop 2 floors!
 18672 | Lair:4   | Succumbed to a redback's poison

Illustrated notes

Levels and vault maps discovered:
D:1:      wander_arrival_estate, layout_rooms, lexackson_kobold_supper
D:2:      layout_loops_ring
D:3:      layout_basic, mainiacjoe_overflow_paths, basic_ecumenical_altar
D:4:      layout_layer_cave
D:5:      layout_basic, minmay_temple_entry_glass, serial_shops, shop
D:6:      minmay_opposing_rooms, layout_loops_corners,
          nicolae_vehumet_altar_sigil, kennysheep_mini_moat, serial_shops,
          nicolae_shop_statue_plus, portal_sewer_entry_b,
          uniq_crazy_yiuf_cottage
D:7:      layout_cave_pods, lemuel_round_altar, serial_shops,
          nicolae_shop_overgrown_old_shop, nicolae_shop_statue_plus, shop,
          uniq_harold, uniq_pikel, uniq_menkaure
D:8:      layout_cave_pools, uniq_joseph
D:9:      layout_gridville
D:10:     layout_basic, orc_david_3
D:11:     layout_long_grid, erik_lair_dragon, serial_shops,
          nicolae_shop_behind_doors, gauntlet_entry_generic,
          minmay_misc_feat_cross, uniq_maurice
D:12:     layout_basic, uniq_nergalle
D:13:     layout_rooms, gammafunk_ghost_berserking_beasts, uniq_rupert,
          uniq_jorgrun
Lair:1:   hellmonk_ruined_rings, layout_small_grid,
          maelrawn_ghost_gauntlet_escape, chequers_serial_rivers_small_3,
          minmay_stone_trees_medium
Lair:2:   layout_regular_city
Lair:4:   layout_regular_city, spider_nest_entry_webs,
          nicolae_quartered_pool_little, minivault_19, lemuel_fruit_tree

Skill      XL: |  1  2  3  4  5  6  7  8  9 10 11 12 |
---------------+-------------------------------------+-----
Transmutations | 1 2 |  2.2
Stealth        | 2 4 5 |  5.0
Dodging        | 2 |  2.0
Spellcasting   | 3 4 5 7 8 10 11 12 | 12.6
Poison Magic   | 4 5 6 7 9 11 12 13 | 13.8
Air Magic      | 1 2 3 4 |  4.0
Short Blades   | 1 |  1.5
Fighting       | 2 3 4 |  4.8
Armour         | 3 |  3.0
Translocations | 1 2 |  2.0
Invocations    | 2 |  2.0

Action                   |  1- 3 |  4- 6 |  7- 9 | 10-12 || total
-------------------------+-------+-------+-------+-------++-------
Melee: Dagger            |    52 |    93 |   151 |       ||   296
       Short sword       |    38 |       |    59 |   318 ||   415
       Headbutt          |    21 |    23 |    31 |    76 ||   151
       Punch             |     1 |       |     7 |     4 ||    12
Throw: Dart              |       |     1 |       |     1 ||     2
       Boomerang         |       |       |       |     2 ||     2
 Cast: Sting             |    74 |    48 |   105 |   101 ||   328
       Poisonous Vapours |     1 |     5 |    31 |   137 ||   174
       Olgreb's Toxic Ra |       |       |    13 |    37 ||    50
       Summon Small Mamm |       |       |    31 |   144 ||   175
       Animate Skeleton  |       |       |     2 |     6 ||     8
       Mephitic Cloud    |       |       |       |     3 ||     3
       Freezing Cloud    |       |       |       |     1 ||     1
  Use: Scroll            |     5 |     1 |     6 |    11 ||    23
       Potion            |       |     2 |     8 |     8 ||    18
 Stab: Sleeping          |       |     1 |     3 |     8 ||    12
       Distracted        |       |       |       |     4 ||     4
       Confused          |       |       |       |     1 ||     1
Armor: Robe              |    14 |    15 |    47 |     2 ||    78
       Skin              |       |     5 |    53 |       ||    58
       Leather armour    |       |       |     5 |    91 ||    96
       Ring mail         |       |       |       |   149 ||   149
Dodge: Dodged            |    44 |    65 |   165 |   362 ||   636
